 Dungeon Sprint DCSS version 0.28-a0-1190-g77e1c55843 (webtiles) character file.

Game seed: 17762232040005760008

1171 mhtbhm the Basher (level 8, -4/57 HPs)
             Began as a Gargoyle Fighter on Dec 18, 2021.
             Was an Initiate of Gozag.
             Slain by a boulder beetle (24 damage)
             ... in the Dungeon (Sprint IX: "|||||||||||||||||||||||||||||").
             The game lasted 00:01:11 (568 turns).

mhtbhm the Basher (Gargoyle Fighter)                 Turns: 568, Time: 00:01:12

Health: -4/57      AC: 16    Str: 23    XL:     8   Next: 41%
Magic:  8/8        EV: 11    Int:  8    God:    Gozag
Gold:   396        SH:  6    Dex:  9    Spells: 7/7 levels left

rFire   . . .      SeeInvis .   a - +2 morningstar (vorpal)
rCold   . . .      Faith    .   c - +0 buckler
rNeg    + . .      Spirit   .   m - +2 ring mail
rPois   ∞          Reflect  .   (no helmet)
rElec   +          Harm     .   (no cloak)
rCorr   .          Rampage  .   n - +0 pair of gloves
Will    .....      NoTele   +   (no boots)
Stlth   +.........              (no amulet)
HPRegen 0.19/turn               (no ring)
MPRegen 0.11/turn               (no ring)

@: mighty, hasted, invisible, very quick
A: sickness immunity, AC +5, negative energy resistance 1, electricity
resistance, torment resistance 1, petrification resistance
a: Renounce Religion, Potion Petition, Call Merchant, Bribe Branch


You were in the Dungeon.
You worshipped Gozag.
Gozag was aware of your devotion.
You visited 1 branch You collected 396 gold pieces.

Inventory:

Hand Weapons
 a - a +2 vorpal morningstar (weapon)
Armour
 b - a +0 scale mail
 c - a +0 buckler (worn)
 m - a +2 ring mail (worn)
 n - a +0 pair of gloves (worn)
Jewellery
 o - a +2 ring of protection
 p - a +3 ring of intelligence
Wands
 l - a wand of iceblast (10)
Scrolls
 j - 2 scrolls of blinking
 k - 2 scrolls of amnesia
Potions
 e - 5 potions of curing
 f - 3 potions of heal wounds
 h - 4 potions of magic


   Skills:
 + Level 9.8 Fighting
 + Level 10.3 Maces & Flails
 + Level 9.8 Armour
 + Level 2.2 Dodging
 + Level 2.3 Stealth
 + Level 9.9 Shields


You had 7 spell levels left.
You didn't know any spells.
Your spell library was empty.

Dungeon Overview and Level Annotations

Branches:
Dungeon (1/1)

Altars:
Cheibriados
Dithmenos
Elyvilon
Fedhas
Gozag
Hepliaklqana
Kikubaaqudgha
Makhleb
Nemelex Xobeh
Okawaru
Qazlal
Ru
Sif Muna
Trog
Uskayaw
Vehumet
Wu Jian
Xom
Yredelemnul
Zin
The Shining One
Beogh
Jiyva
Lugonu


Innate Abilities, Weirdness & Mutations

You are immune to sickness and miasma.
Your stone body is resilient. (AC +5)
You are immune to poison.
You resist negative energy. (rN+)
You are resistant to electric shocks. (rElec)
You are resistant to unholy torment.
You are immune to petrification.


Message History

The deep elf pyromancer is distracted by your dazzling golden aura.
You catch the helpless boulder beetle completely off-guard!
You impale the boulder beetle!!
The boulder beetle is heavily wounded.
You hit the boulder beetle.
The boulder beetle is severely wounded.
The boulder beetle bites you!
You barely miss the boulder beetle.
The boulder beetle is severely wounded.
The boulder beetle bites you but does no damage.
You sock the boulder beetle!
The boulder beetle is almost dead.
You strike the helpless boulder beetle from behind!
You hit the boulder beetle but do no damage.
The boulder beetle is almost dead.
You sock the vampire mosquito!
The vampire mosquito is severely damaged.
The vampire mosquito bites you.
Unknown command.
You impale the vampire mosquito!!
You destroy the vampire mosquito!
The deep elf pyromancer is no longer distracted by gold.
Your Stealth skill increases to level 2!
Unknown command.
You block the boulder beetle's attack.
You see here 36 gold pieces.
You sock the boulder beetle!
The boulder beetle is almost dead.
The kobold demonologist is distracted by your dazzling golden aura.
The boulder beetle barely misses you.
You barely miss the boulder beetle.
The boulder beetle is almost dead.
The kobold demonologist shouts!
You hit the boulder beetle but do no damage.
The boulder beetle is almost dead.
You hit the boulder beetle but do no damage.
The boulder beetle is almost dead.
The boulder beetle bites you!!
You die...
Your body crumbles into a pile of gold. $$$$$ $ $ $ $$ $ $ ▓▓▓▓▓▓▓▓▓▓▓▓▓▓▓▓▓▓▓▓▓▓ +.KeB@$$....))'...[..) ▓▓▓▓▓▓▓▓▓▓▓▓▓▓▓▓▓▓▓▓▓▓

You could see a boulder beetle, a deep elf pyromancer and a kobold demonologist.

Vanquished Creatures
  A manticore (D)
  An ugly thing (D)
  A steam dragon (D)
  A vampire mosquito (D)
  An ogre (D)
  A centaur (D)
  A scorpion (D)
  A wight (D)
  A hound (D)
  2 adders (D)
  A ball python (D)
  A bat zombie (D)
  A giant cockroach (D)
  A hobgoblin (D)
  A bat (D)
  2 quokka zombies (D)
  A rat (D)
19 creatures vanquished.

Notes
Turn   | Place    | Note
-------+----------+-------------------------------------------
     0 | D        | mhtbhm the Gargoyle Fighter began the quest for the Orb.
     0 | D        | Reached XP level 1. HP: 14/14 MP: 1/1
    17 | D        | Banished a spatial maelstrom
    61 | D        | Noticed a hound
    61 | D        | Noticed a scorpion
    61 | D        | Noticed an ogre
    70 | D        | Reached XP level 2. HP: 20/20 MP: 2/2
    73 | D        | Killed an ogre
    74 | D        | Reached skill level 3 in Maces & Flails
    74 | D        | Reached XP level 3. HP: 27/27 MP: 3/3
    74 | D        | Reached XP level 4. HP: 32/32 MP: 4/4
    78 | D        | Killed a scorpion
    79 | D        | Reached skill level 4 in Maces & Flails
    79 | D        | Reached XP level 5. HP: 19/37 MP: 5/5
   107 | D        | Found a snail-covered altar of Cheibriados.
   107 | D        | Found a shadowy altar of Dithmenos.
   107 | D        | Found a white marble altar of Elyvilon.
   107 | D        | Found a blossoming altar of Fedhas.
   107 | D        | Found an opulent altar of Gozag.
   108 | D        | Found a hazy altar of Hepliaklqana.
   109 | D        | Found a viscous altar of Jiyva.
   110 | D        | Found an ancient bone altar of Kikubaaqudgha.
   111 | D        | Found a corrupted altar of Lugonu.
   112 | D        | Found a burning altar of Makhleb.
   113 | D        | Found a sparkling altar of Nemelex Xobeh.
   114 | D        | Found an iron altar of Okawaru.
   115 | D        | Found a stormy altar of Qazlal.
   117 | D        | Became a worshipper of Gozag Ym Sagoz the Greedy
   119 | D        | Found a sacrificial altar of Ru.
   120 | D        | Found a shimmering blue altar of Sif Muna.
   121 | D        | Found a bloodstained altar of Trog.
   122 | D        | Found a hide-covered altar of Uskayaw.
   123 | D        | Found a radiant altar of Vehumet.
   124 | D        | Found an ornate altar of the Wu Jian Council.
   125 | D        | Found a shimmering altar of Xom.
   126 | D        | Found a basalt altar of Yredelemnul.
   127 | D        | Found a glowing silver altar of Zin.
   128 | D        | Found a glowing golden altar of the Shining One.
   136 | D        | Found the +8 Vampire's Tooth {vamp}
   232 | D        | Noticed a steam dragon
   232 | D        | Noticed a centaur
   236 | D        | Killed a centaur
   237 | D        | Reached skill level 5 in Maces & Flails
   237 | D        | Reached XP level 6. HP: 25/44 MP: 6/6
   428 | D        | Killed a steam dragon
   429 | D        | Reached skill level 7 in Maces & Flails
   429 | D        | Reached skill level 1 in Dodging
   431 | D        | Reached XP level 7. HP: 33/50 MP: 7/7
   540 | D        | Noticed a kobold demonologist
   540 | D        | Noticed a deep elf pyromancer
   540 | D        | Noticed a boulder beetle
   540 | D        | Noticed a vampire mosquito
   540 | D        | Noticed a manticore
   540 | D        | Noticed a green ugly thing
   547 | D        | Killed a green ugly thing
   548 | D        | Reached skill level 8 in Maces & Flails
   548 | D        | Reached skill level 1 in Stealth
   554 | D        | Killed a manticore
   555 | D        | Reached skill level 10 in Maces & Flails
   555 | D        | Reached XP level 8. HP: 47/57 MP: 8/8
   568 | D        | Slain by a boulder beetle

Illustrated notes

Levels and vault maps discovered:
D:        linesprint [early_d, line_temple, items_1, d_10, items_2, lair_1,
          lair_end, items_3, orc_1, orc_end, items_4, d_15, swamp_1, shoals_1,
          snake_1, spider_1, d_20, vaults_1, items_5, swamp_end, shoals_end,
          snake_end, spider_end, vaults_end, d_27, items_6, zot_1, zot_end,
          crypt_end, forest_end, elf_end, slime_end, tomb_end, abyss_end,
          pan_hell_end]

Skill      XL: |  1  2  3  4  5  6  7  8 |
---------------+-------------------------+-----
Fighting       | 4 6 7 8 9 |  9.8
Armour         | 4 6 7 8 9 |  9.8
Shields        | 4 6 7 8 9 |  9.9
Maces & Flails | 3 4 5 7 10 | 10.3
Dodging        | 1 2 |  2.2
Stealth        | 1 2 |  2.3

Action                   |  1- 3 |  4- 6 |  7- 9 || total
-------------------------+-------+-------+-------++-------
Melee: Flail             |    26 |    18 |       ||    44
       Morningstar       |       |    14 |    25 ||    39
  Use: Potion            |     1 |       |     3 ||     4
 Stab: Invisible         |       |       |     3 ||     3
Armor: Scale mail        |    13 |    12 |       ||    25
       Ring mail         |       |    11 |     6 ||    17
Dodge: Dodged            |    11 |    29 |    10 ||    50
Block: Buckler           |     8 |    10 |     6 ||    24

Table legend: (Time is in decaauts)
 A = Elapsed time spent in this place.
 B = Non-inter-level travel time spent in this place.
 C = Inter-level travel time spent in this place.
 D = Time resting spent in this place.
 E = Time spent auto-exploring this place.
 F = Levels seen in this place.
 G = Mean time per level.
                   A        B        C        D        E       F      G
               +--------+--------+--------+--------+--------+-----+--------+
         Total |    584 |    584 |      0 |    362 |      3 |   1 |  584.0 |
       Dungeon |    584 |    584 |      0 |    362 |      3 |   1 |  584.0 |
               +--------+--------+--------+--------+--------+-----+--------+

Top non-repeatable levels by time:
       D: 584 daAuts
